 Dungeon Crawl Stone Soup version 0.17-a0-1295-gefc790a (webtiles) character file.

3666 Chiseanne the Covert (level 9, -5/39 HPs)
             Began as a Spriggan Enchanter on June 7, 2015.
             Was an Initiate of Gozag.
             Killed from afar by Harold (41 damage)
             ... with a bolt of fire
             ... on level 10 of the Dungeon.
             The game lasted 00:39:19 (8914 turns).

Chiseanne the Covert (Spriggan Enchanter)           Turns: 8914, Time: 00:39:19

Health: -5/39      AC:  6    Str:  4    XL:     9   Next: 89%
Magic:  19/22      EV: 25    Int: 16    God:    Gozag
Gold:   1034       SH:  0    Dex: 20    Spells: 10 memorised, 0 levels left

rFire  . . .     SeeInvis +     a - +1 rapier
rCold  . . .     Clarity  .     D - +2 robe
rNeg   . . .     SustAt   .     (shield restricted)
rPois  .         Gourm    .     (helmet restricted)
rElec  .         Spirit   .     m - +1 cloak
rCorr  .         Warding  .     (gloves unavailable)
rMut   .         Stasis   .     (boots unavailable)
MR     +....                    G - amulet of rage
Stlth  ++++++++..               q - ring of wizardry
                                B - ring of stealth

@: repel missiles, very quick, somewhat resistant to hostile enchantments,
extraordinarily stealthy
A: unfitting armour, see invisible, herbivore 3, speed 3, slow metabolism 2
a: Potion Petition, Call Merchant, Bribe Branch, Renounce Religion, Evoke
Berserk Rage


You were on level 10 of the Dungeon.
You worshipped Gozag.
Gozag was noncommittal.
You were not hungry.

You visited 2 branches of the dungeon, and saw 11 of its levels.

You collected 1173 gold pieces.
You spent 98 gold pieces at shops.
You paid 41 gold pieces to Gozag.

Inventory:

Hand weapons
 a - a +1 rapier (weapon)
 w - a +0 blowgun
 E - the +6 scimitar of Flaming Death {sticky flame, rPois rF++ rC- MR+}
   (You found it on level 5 of the Dungeon)

   It has been specially enchanted to burn those struck by it, causing extra
   injury to most foes and up to half again as much damage against particularly
   susceptible opponents.
   Big, fiery blades are also staple armaments of hydra-hunters.
   It greatly protects you from fire.
   It makes you vulnerable to cold.
   It protects you from poison.
   It affects your resistance to hostile enchantments.
Missiles
 f - 26 bolts
 j - 81 arrows
 o - 22 poisoned bolts
 t - 7 sling bullets
 y - 3 poisoned needles
 z - 7 needles of paralysis
 H - 2 throwing nets (quivered)
 N - 4 tomahawks
Armour
 e - a +0 buckler
 m - a +1 cloak (worn)
 D - a +2 robe (worn)
Jewellery
 l - an uncursed ring of positive energy
 q - a ring of wizardry (right hand)
 B - a ring of stealth (left hand)
 F - an uncursed ring of poison resistance
 G - an amulet of rage (around neck)
 P - an uncursed ring of positive energy
Magical devices
 n - a wand of paralysis (19)
Scrolls
 p - 3 scrolls of fear
 r - 2 scrolls of magic mapping
 s - 3 scrolls of blinking
 u - a scroll of fog
 v - 2 scrolls of remove curse
 I - a scroll of immolation
 J - 2 scrolls of teleportation
 Q - a scroll of recharging
Potions
 g - 4 potions of curing
 h - a potion of brilliance
 i - 2 potions of might
 x - a potion of cancellation {unknown}
 K - a potion of flight {unknown}
 L - 2 potions of poison {unknown}
 M - a potion of agility {unknown}
 O - 2 potions of beneficial mutation {unknown}
 R - a potion of berserk rage {unknown}
Books
 c - a book of Maledictions

   Spells                             Type                      Level
   a - Corona                         Hexes                        1
   b - Ensorcelled Hibernation        Hexes/Ice                    2
   c - Confuse                        Hexes                        3
   d - Tukima's Dance                 Hexes                        3
   e - Dazzling Spray                 Conjuration/Hexes            3
 k - a book of Minor Magic

   Spells                             Type                      Level
   a - Magic Dart                     Conjuration                  1
   b - Blink                          Translocation                2
   c - Call Imp                       Summoning                    2
   d - Repel Missiles                 Charms/Air                   2
   e - Slow                           Hexes                        2
   f - Conjure Flame                  Conjuration/Fire             3
   g - Mephitic Cloud                 Conjuration/Poison/Air       3
 A - a book of the Dragon

   Spells                             Type                      Level
   a - Flame Tongue                   Conjuration/Fire             1
   b - Cause Fear                     Hexes                        4
   c - Bolt of Fire                   Conjuration/Fire             6
   d - Dragon Form                    Transmutation                7
   e - Dragon's Call                  Summoning                    9
Comestibles
 b - 2 fruits
 d - 6 bread rations
 C - 9 slices of pizza


   Skills:
 * Level 5.1 Short Blades
 * Level 7.8 Dodging
 - Level 13.4 Stealth
 * Level 8.4 Spellcasting
 * Level 8.1 Hexes


You couldn't memorise any spells.
You knew the following spells:

 Your Spells              Type           Power        Failure   Level  Hunger
a - Corona                Hex            ####...      1%          1    None
b - Confuse               Hex            ####....     1%          3    #......
c - Tukima's Dance        Hex            ####....     1%          3    #......
d - Ensorcelled Hibernat  Hex/Ice        ###...       1%          2    None
e - Slow                  Hex            ####....     1%          2    None
f - Dazzling Spray        Conj/Hex       ###.....     3%          3    #......
g - Cause Fear            Hex            ####......   1%          4    ###....
h - Blink                 Tloc           N/A          7%          2    None
i - Repel Missiles        Chrm/Air       #.....       7%          2    None
j - Call Imp              Summ           #.......     7%          2    None


Dungeon Overview and Level Annotations

Branches:
Dungeon (10/15)            Temple (1/1) D:4
   Lair: D:8-11         Orc: D:9-12

Altars:
Ashenzari
Cheibriados
Dithmenos
Elyvilon
Fedhas
Gozag
Kikubaaqudgha
Makhleb
Nemelex Xobeh
Okawaru
Qazlal
Ru
Sif Muna
Trog
Vehumet
Xom
Yredelemnul
Zin
The Shining One

Shops:
D:5 [   D:6 =

Annotations:
D:3 wojtek's ghost, average KoAs
D:5 exclusion: centaur
D:6 exclusion: statue
D:9 Erolcha
D:10 Harold


Innate Abilities, Weirdness & Mutations

You are tiny and cannot use many weapons and most armour.
You have supernaturally acute eyesight.
You are a herbivore.
You cover ground extremely quickly.
You need consume almost no food.


Message History

Confirm with . or Enter, or press ? or * to list all spells.
Aiming: Dazzling Spray
Press: ? - help, Shift-Dir - straight line, f - rat
Aim: a rat The spray of energy hits the rat.
You kill the rat!
The spray of energy hits Harold.
Harold is lightly wounded.
Harold is distracted by the nearby gold.
You see here 20 gold pieces.
You strike the helpless Harold from a blind spot!
You impale Harold!!
Harold shouts!
Harold is no longer distracted by gold.
Harold is moderately wounded.
Harold casts a spell at you. The bolt of fire hits you!
Ouch! That really hurt!
You die...
Your body crumbles into a pile of gold.

........#.#.........##..
........#.#.........#.8.
........#.#.........##..
.......(#.#.........###.
........#.#.........# ##
........#.#.........# #
. #.#.##........# ..
#$#.########### ...
#@#.#....##
....#######@$$.......
..............?PP..b.
..........$.b.PPPP...
............P...P%PP.
#######...$.P..P.P.P.
#..$$PP#+##.P.P #......#
$


P.Pb ##.PP.P# bPP You could see Harold and a bat.

Vanquished Creatures
  An unseen horror (D:10)
  Maurice (D:9)
  A troll (D:9)
  A human (D:8)
  2 hippogriffs
  2 ice beasts
  2 black bears
  An ogre (D:8)
  A phantom (D:4)
  A sky beast (D:7)
  3 centaurs
  Blork the orc (D:4)
  6 giant frogs
  4 scorpions
  3 hounds
  A centaur zombie (D:8)
  3 giant frog zombies
  5 worker ants
  Natasha (thrice) (D:3)
  2 worker ant zombies
  2 river rats (D:10)
  10 adders
  3 shadow imps
  2 oozes
  4 worms
  2 giant geckos
  4 orcs
  19 bats
  A bat skeleton (D:4)
  10 giant cockroaches
  9 goblins
  14 hobgoblins
  13 jackals
  10 kobolds
  3 quokkas
  A giant gecko zombie (D:5)
  3 giant newts
  2 jackal skeletons
  2 quokka zombies
  28 rats
186 creatures vanquished.

Notes
Turn   | Place    | Note
--------------------------------------------------------------
     0 | D:1      | Chiseanne the Spriggan Enchanter began the quest for the Orb.
     0 | D:1      | Reached XP level 1. HP: 9/9 MP: 5/5
   339 | D:1      | Reached XP level 2. HP: 13/13 MP: 4/6
  1138 | D:2      | Reached XP level 3. HP: 13/16 MP: 8/8
  1301 | D:2      | Reached skill level 5 in Stealth
  1407 | D:2      | Found a snail-covered altar of Cheibriados.
  1482 | D:2      | Learned a level 3 spell: Confuse
  1486 | D:2      | Learned a level 3 spell: Tukima's Dance
  1927 | D:3      | Noticed wojtek's ghost (average KoAs)
  1965 | D:3      | Reached XP level 4. HP: 21/21 MP: 9/9
  2030 | D:3      | Learned a level 2 spell: Ensorcelled Hibernation
  2073 | D:3      | Noticed Natasha
  2081 | D:3      | Killed Natasha
  2256 | D:3      | Reached skill level 6 in Stealth
  2260 | D:3      | Noticed Natasha
  2266 | D:3      | Killed Natasha
  2409 | D:3      | Noticed Natasha
  2413 | D:3      | Killed Natasha
  3035 | D:4      | Reached XP level 5. HP: 24/24 MP: 6/11
  3175 | D:4      | Found a staircase to the Ecumenical Temple.
  3263 | D:4      | Noticed Blork the orc
  3344 | Temple   | Entered the Ecumenical Temple
  3415 | Temple   | Became a worshipper of Gozag Ym Sagoz the Greedy
  3524 | D:4      | Killed Blork the orc
  3568 | D:4      | Noticed a phantom
  3596 | D:4      | Killed a phantom
  3596 | D:4      | Reached skill level 7 in Stealth
  3596 | D:4      | Reached XP level 6. HP: 11/28 MP: 4/13
  3899 | D:4      | Found a burning altar of Makhleb.
  3932 | D:5      | Entered Level 5 of the Dungeon
  4172 | D:5      | Learned a level 2 spell: Slow
  4176 | D:5      | Learned a level 3 spell: Dazzling Spray
  4182 | D:5      | Found Afese's Antique Armour Shop.
  4210 | D:5      | Bought a runed robe for 14 gold pieces
  4233 | D:5      | Reached skill level 5 in Dodging
  4233 | D:5      | Reached skill level 5 in Hexes
  4309 | D:4      | Reached skill level 5 in Spellcasting
  4421 | D:6      | Reached skill level 8 in Stealth
  4421 | D:6      | Reached XP level 7. HP: 32/32 MP: 13/15
  4497 | D:6      | Found a radiant altar of Vehumet.
  4716 | D:6      | Found Mypheg's Jewellery Emporium.
  4724 | D:6      | Bought a cursed ring of loudness for 58 gold pieces
  4724 | D:6      | Bought a cursed -3 ring of dexterity for 26 gold pieces
  5101 | D:6      | Reached skill level 9 in Stealth
  5255 | D:5      | Found a blossoming altar of Fedhas.
  5646 | D:7      | Reached XP level 8. HP: 36/36 MP: 17/17
  5675 | D:7      | Found a shimmering altar of Xom.
  5762 | D:7      | Found a bloodstained altar of Trog.
  5803 | D:7      | Reached skill level 10 in Stealth
  6110 | D:7      | Found a sparkling altar of Nemelex Xobeh.
  6820 | D:8      | Reached skill level 11 in Stealth
  6822 | D:8      | Found a shimmering altar of Xom.
  6992 | D:8      | Found a shimmering altar of Xom.
  7490 | D:8      | Found a white marble altar of Elyvilon.
  7490 | D:8      | Found a glowing golden altar of the Shining One.
  7491 | D:8      | Found a glowing silver altar of Zin.
  7494 | D:8      | Reached XP level 9. HP: 39/39 MP: 20/20
  7596 | D:8      | Reached skill level 12 in Stealth
  7810 | D:9      | Noticed Maurice
  7820 | D:9      | Noticed Erolcha
  8164 | D:9      | Killed Maurice
  8296 | D:9      | Found a basalt altar of Yredelemnul.
  8350 | D:9      | Reached skill level 13 in Stealth
  8489 | D:10     | Entered Level 10 of the Dungeon
  8696 | D:10     | Noticed a hill giant
  8763 | D:10     | Noticed an unseen horror
  8771 | D:10     | Killed an unseen horror
  8771 | D:10     | Reached skill level 5 in Short Blades
  8789 | D:10     | Learned a level 4 spell: Cause Fear
  8792 | D:10     | Learned a level 2 spell: Blink
  8795 | D:10     | Learned a level 2 spell: Repel Missiles
  8798 | D:10     | Learned a level 2 spell: Call Imp
  8886 | D:10     | Noticed Harold
  8914 | D:10     | Killed from afar by Harold

Vault maps used:
D:1:      co_arrival_random_square_maze
D:2:      nicolae_overflow_crystal_walls, first_bread
D:3:      uniq_natasha
D:4:      demons_altar, lemuel_temple_firewalk, uniq_blork_the_orc
D:5:      fedhas_bush_and_centaur_altar, serial_shops, nicolae_shop_trees,
          hex_medium
D:6:      vehumet_statue, serial_shops, shop, kennysheep_path_1
D:7:      kennysheep_little_box, old_standard_altar, basic_altar
D:8:      good_gods_temple_1, basic_altar, grunt_livestock, xom_teletrap_fun
D:9:      lemuel_doored_altar, minmay_misc_feat_four_crosses, uniq_pikel,
          uniq_erolcha, uniq_maurice
D:10:     grunt_lair_entry_elf_guard_hut, grunt_ministairs_2, uniq_harold,
          uniq_grum
Temple:   dpeg_three_leaves_temple_9

Action                   |  1- 3 |  4- 6 |  7- 9 || total
-------------------------+-------+-------+-------++-------
Melee: Dagger            |   149 |   108 |     3 ||   260
       Rapier            |       |       |   199 ||   199
 Fire: Blowgun           |       |       |     4 ||     4
 Cast: Corona            |    14 |     4 |    19 ||    37
       Confuse           |     3 |     6 |    11 ||    20
       Ensorcelled Hiber |       |    26 |    41 ||    67
       Dazzling Spray    |       |       |     2 ||     2
       Repel Missiles    |       |       |     1 ||     1
Invok: Potion Petition   |       |       |     1 ||     1
  Use: Scroll            |     8 |     4 |     4 ||    16
 Stab: Sleeping          |    21 |    33 |    56 ||   110
       Confused          |     2 |     4 |     7 ||    13
       Distracted        |     1 |     1 |     1 ||     3
       Invisible         |       |       |     1 ||     1
  Eat: Bread ration      |       |     1 |       ||     1
       Fruit             |       |       |     3 ||     3
